cohdb
Replays
Latest Replays
All Replays
Popular Replays
Top Player Replays
Match Explorer
How It Works
Community
CoH3 Stats
Reddit
Sign in to upload your games and track your stats! →
Sign in with Steam
Match 43739212
Unlisted
Match 43739212
Overview
Messages
Build Orders
End
Construct Section Command Post
Selects Australian Defense Battlegroup
Selects Australian Light Infantry Section
Australian Light Infantry Section
Construct Section Command Post
Dingo Light Scout Car
Australian Light Infantry Section
Construct Platoon Command Post
Humber Armored Car
Selects 2-pounder Anti-tank Gun Team
Infantry Section
Construct Field Infirmary
Infantry Training
2-pounder Anti-tank Gun Team
Construct Company Command Post
Selects Vehicle Over Repair
Foot Guards Section
Crusader II Medium Tank
Ares
Dumbass
Symbiosis
CAuMOH
0
0
Comments
sign in to comment!
No comments posted yet!